 Dungeon Crawl Stone Soup version 0.24-a0-537-g2d01d4ab0a (webtiles) character file.

Game seed: 9067975452785990859

1819 Peloso the Carver (level 8, -4/73 HPs)
             Began as a Minotaur Fighter on Aug 16, 2019.
             Was an Initiate of Okawaru.
             Shot with an arrow by a centaur (11 damage)
             ... on level 6 of the Dungeon.
             The game lasted 00:14:23 (5333 turns).

Peloso the Carver (Minotaur Fighter)                Turns: 5333, Time: 00:14:24

Health: -4/73      AC: 12    Str: 21    XL:     8   Next: 85%
Magic:  7/7        EV:  4    Int:  5    God:    Okawaru [......]
Gold:   339        SH: 10    Dex: 12    Spells: 7/7 levels left

rFire    . . .     SeeInvis .   a - +1 long sword
rCold    . . .     Gourm    .   c - +0 shield
rNeg     . . .     Faith    .   b - +0 plate armour
rPois    .         Spirit   .   (helmet restricted)
rElec    .         Reflect  .   p - scarf {repulsion}
rCorr    +         Harm     .   (no gloves)
MR       .....                  (no boots)
Stlth    ..........             (no amulet)
HPRegen  0.22/turn              m - ring of resist corrosion
MPRegen  0.10/turn              (no ring)

@: drained, repel missiles
A: retaliatory headbutt, horns 2
a: Renounce Religion


You were on level 6 of the Dungeon.
You worshipped Okawaru.
Okawaru was noncommittal.
You were hungry.

You visited 2 branches of the dungeon, and saw 7 of its levels.
You also visited: Ossuary.

You collected 339 gold pieces.

Inventory:

Hand Weapons
 a - a +1 long sword (weapon)
Armour
 b - a +0 plate armour (worn)
 c - a +0 shield (worn)
 p - a scarf of repulsion (worn)
Jewellery
 m - a ring of resist corrosion (left hand)
Wands
 q - a wand of random effects (24)
Scrolls
 d - 2 scrolls of magic mapping
 e - 7 scrolls of teleportation
 g - 2 scrolls of enchant weapon
 h - 5 scrolls of remove curse
 n - 3 scrolls of amnesia {unknown}
 r - a scroll of enchant armour {unknown}
 w - a scroll of identify
Potions
 i - a potion of cancellation
 j - a potion of magic
 k - 3 potions of flight
 l - a potion of mutation
 o - 2 potions of haste
 s - a potion of heal wounds {unknown}
 t - a potion of lignification {unknown}
 u - a potion of curing
 v - a potion of brilliance {unknown}
Comestibles
 f - 12 rations


   Skills:
 + Level 7.0(6.1) Fighting
 + Level 9.1(8.1) Long Blades
 + Level 7.1(6.2) Armour
 + Level 0.6(0.0) Dodging
 + Level 0.7(0.0) Stealth
 + Level 6.9(6.0) Shields


You had 7 spell levels left.
You didn't know any spells.
Your spell library was empty.

Dungeon Overview and Level Annotations

Branches:
Dungeon (5/15)             Temple (1/1) D:4

Altars:
Ashenzari
Cheibriados
Dithmenos
Elyvilon
Fedhas
Gozag
Hepliaklqana
Kikubaaqudgha
Makhleb
Nemelex Xobeh
Okawaru
Qazlal
Ru
Sif Muna
Trog
Uskayaw
Vehumet
Wu Jian
Xom
Yredelemnul
Zin
The Shining One

Annotations:
D:3 1 runed translucent door, Execuda's ghost, amateur DsAK
D:6 3 runed translucent doors, Mithandil's ghost, novice MiGl


Innate Abilities, Weirdness & Mutations

You reflexively headbutt those who attack you in melee.
You have a pair of horns on your head.


Message History

You block the wight's attack. The wight hits you but does no damage.
Unknown command.
Your plate armour prevents you from hitting the wight.
The wight is almost destroyed.
You block the wight's attack. The wight hits you but does no damage.
Unknown command.
You barely miss the wight.
The wight is almost destroyed.
The wight hits you with a +4 great sword!
* * * LOW HITPOINT WARNING * * *
You feel drained.
* * * LOW HITPOINT WARNING * * *
You block the wight's attack.
It was a potion of curing.
You feel better. You block the wight's attack.
The wight hits you with a +4 great sword!
* * * LOW HITPOINT WARNING * * *
The centaur shoots an arrow.
You block the arrow.
You see here an arrow.
The centaur shoots an arrow.
The arrow hits you!
You die...

#.............
.....#.............
....#.......######
....#.......# ..
....#.......# .
#...#.......#
#...#.......######
#...#.......#.....
#@..+.......+.....
#(..#.......#.....
##z..#.......#.....
#zO.............###
#.....#########.... .
#....c#.......#.... >.
##...o#W.###..#....
.>.#####o#Z.###..+....
.........#.!.....+....


You could see an ogre, a centaur, 2 wights and 2 orcs.

Vanquished Creatures
  Grinder (D:4)
  Sigmund (D:4)
  An ice beast (D:3)
  5 ogres
  A scorpion (D:4)
  2 wights (D:6)
  A jelly (D:5)
  A centaur skeleton (D:4)
  3 iguanas
  3 orc wizards
  Natasha (thrice) (D:4)
  3 worker ants
  A hound zombie (D:5)
  13 mummies (Ossuary)
  11 gnolls
  5 adders
  2 oozes
  An adder skeleton (D:4)
  3 worms (D:3)
  3 dart slugs
  4 leopard geckos
  8 orcs
  A ball python (D:1)
  7 giant cockroaches
  17 goblins
  9 hobgoblins
  7 jackals
  4 quokkas (D:3)
  8 bats
  12 frilled lizards
  3 goblin skeletons (Ossuary)
  5 kobolds
  2 kobold skeletons (Ossuary)
  A leopard gecko skeleton (D:6)
  2 orc skeletons (Ossuary)
  10 rats
  11 rat skeletons (Ossuary)
175 creatures vanquished.

Vanquished Creatures (others)
  A kobold skeleton (Ossuary)
1 creature vanquished.

Grand Total: 176 creatures vanquished

Notes
Turn   | Place    | Note
-------+----------+-------------------------------------------
     0 | D:1      | Peloso the Minotaur Fighter began the quest for the Orb.
     0 | D:1      | Reached XP level 1. HP: 19/19 MP: 0/0
    74 | D:1      | Reached XP level 2. HP: 27/27 MP: 1/1
   217 | D:1      | Reached skill level 3 in Long Blades
   217 | D:1      | Reached XP level 3. HP: 32/33 MP: 2/2
   839 | D:2      | Reached XP level 4. HP: 31/40 MP: 3/3
   924 | D:2      | Found a burning altar of Makhleb.
  1398 | D:3      | Found a runed translucent door.
  1398 | D:3      | Noticed a bullfrog
  1420 | D:3      | Noticed Execuda's ghost (amateur DsAK)
  1420 | D:3      | Noticed an ice beast
  1434 | D:3      | Killed an ice beast
  1434 | D:3      | Reached skill level 4 in Long Blades
  1434 | D:3      | Reached XP level 5. HP: 30/47 MP: 4/4
  1465 | D:3      | Reached skill level 5 in Fighting
  1637 | D:3      | Found a white marble altar of Elyvilon.
  1723 | D:3      | Found a shimmering blue altar of Sif Muna.
  1756 | D:3      | Reached skill level 5 in Long Blades
  1756 | D:3      | Reached XP level 6. HP: 51/56 MP: 5/5
  2388 | D:4      | Reached skill level 5 in Armour
  2388 | D:4      | Reached skill level 5 in Shields
  2499 | D:4      | Noticed Natasha
  2504 | D:4      | Killed Natasha
  2545 | D:4      | Reached skill level 6 in Long Blades
  2545 | D:4      | Reached XP level 7. HP: 17/61 MP: 6/6
  3088 | D:4      | Noticed Natasha
  3092 | D:4      | Killed Natasha
  3505 | D:4      | Noticed Grinder
  3509 | D:4      | Killed Grinder
  3509 | D:4      | Reached skill level 7 in Long Blades
  3631 | D:4      | Reached XP level 8. HP: 49/70 MP: 7/7
  3700 | D:4      | Found a shattered altar of Ashenzari.
  3707 | D:4      | Noticed Natasha
  3716 | D:4      | Killed Natasha
  3760 | D:4      | Noticed Sigmund
  3770 | D:4      | Killed Sigmund
  3857 | D:4      | Found a staircase to the Ecumenical Temple.
  4074 | Temple   | Entered the Ecumenical Temple
  4153 | D:5      | Entered Level 5 of the Dungeon
  4157 | D:5      | Reached skill level 8 in Long Blades
  4177 | D:5      | Found an ancient bone altar of Kikubaaqudgha.
  4177 | D:5      | Found a snail-covered altar of Cheibriados.
  4185 | D:5      | Found a sacrificial altar of Ru.
  4185 | D:5      | Found an iron altar of Okawaru.
  4187 | D:5      | Found a basalt altar of Yredelemnul.
  4187 | D:5      | Found a shimmering altar of Xom.
  4197 | D:5      | Became a worshipper of Warmaster Okawaru
  4423 | D:5      | Found a sand-covered staircase.
  4430 | Ossuary  | Entered an ossuary
  5071 | D:5      | You fall into a shaft and drop 1 floor!
  5085 | D:6      | Found a runed translucent gate.
  5085 | D:6      | Found a runed translucent gate.
  5085 | D:6      | Found a runed translucent gate.
  5087 | D:6      | Noticed Mithandil's ghost (novice MiGl)
  5149 | D:6      | Reached skill level 9 in Long Blades
  5333 | D:6      | Shot with an arrow by a centaur

Levels and vault maps discovered:
D:1:      minmay_arrival_jagged, layout_rooms, serial_curves, eino_curves_03,
          eino_curves_04, minmay_misc_feat_room, lemuel_another_geyser
D:2:      cheibrodos_greedy_goblins, layout_basic,
          nicolae_overflow_crystal_walls
D:3:      layout_rooms, elyvilon_altar_5, led_sif_book, ebering_ghost_sewer_d,
          roderic_lattice_a
D:4:      minmay_chambers_of_fours, layout_basic,
          minmay_temple_entry_purple_smoke, first_ration, minmay_statues_item,
          serial_park_tiny_2, cheibrodos_ashenzari_chains, uniq_natasha,
          uniq_grinder, uniq_sigmund
D:5:      layout_cave_pods, grunt_temple_overflow_open,
          chequers_ossuary_entry_cave
D:6:      layout_gridville, gammafunk_ghost_split
Temple:   cyrus_circular_temple

Skill      XL: |  1  2  3  4  5  6  7  8 |
---------------+-------------------------+-----
Fighting       | 4 5 6 7 |  7.0
Shields        | 4 5 6 |  6.9
Armour         | 4 5 6 7 |  7.1
Long Blades    | 3 4 5 6 7 9 |  9.1
Dodging        | |  0.6
Stealth        | |  0.7

Action                   |  1- 3 |  4- 6 |  7- 9 || total
-------------------------+-------+-------+-------++-------
Melee: Long sword        |    98 |   174 |   274 ||   546
       Headbutt          |    15 |    27 |    66 ||   108
  Use: Potion            |     3 |     1 |     1 ||     5
       Scroll            |     2 |     2 |     5 ||     9
  Eat: Chunk             |       |     5 |     6 ||    11
       Ration            |       |       |     1 ||     1
Armor: Plate armour      |    76 |    91 |    99 ||   266
Dodge: Dodged            |    15 |    20 |    47 ||    82
Block: Shield            |    52 |    92 |   110 ||   254
       Rpst.: Long sword |     1 |     6 |     9 ||    16

Table legend:
 A = Non-vault XP
 B = Vault XP
 C = Vault XP percentage of total XP
 D = Non-vault monster count
 E = Vault monster count
 F = Vault count percentage of total count
                 A         B        C        D         E       F
            +---------+---------+-------+---------+---------+-------
      Total |    1749 |     850 |  32.7 |     126 |      49 |  28.0
            +---------+---------+-------+---------+---------+-------
        D:1 |      55 |       0 |   0.0 |      27 |       0 |   0.0
        D:2 |      60 |      21 |  25.9 |      19 |      11 |  36.7
        D:3 |     288 |       0 |   0.0 |      31 |       0 |   0.0
        D:4 |     821 |     586 |  41.6 |      28 |       7 |  20.0
        D:5 |     268 |       0 |   0.0 |      12 |       0 |   0.0
        D:6 |     257 |       0 |   0.0 |       9 |       0 |   0.0
    Ossuary |       0 |     243 | 100.0 |       0 |      31 | 100.0
            +---------+---------+-------+---------+---------+-------
